AoeStats
← goeinicholas

Arena

510162886Analyzed
2v2 RM · 2d ago on Sep 29, 2026· 37m 5s· 4 players
Game mode
Random Map
Map size
Medium (4 player)
Population
200
Speed
Normal
Resources
Standard
Victory
Conquest
Starting age
Dark Age
Ending age
Imperial Age
RankedLock teamsTeams togetherTeam positionsShared explorationLock speedFull tech treeHidden civsTurbo modeCheats
Victory
Defeat
🇮🇩 Wei · Indonesia
1392
+14
🇺🇸 Sicilians · United States
1357
+15
🇳🇱 Magyars · Netherlands
1359
-15
🇬🇧 Wu · United Kingdom
1337
-14
slc
6:27 Loom
goeinicholas
10:29 Feudal Age
11:35 Double-Bit Axe
14:31 Castle Age
12:21 Horse Collar
15:26 Bow Saw
18:24 Loom
19:20 Wheelbarrow
20:27 Heavy Plow
20:28 Stone Mining
22:32 Gold Mining
26:30 Imperial Age
24:20 Scale Barding Armor
24:25 Forging
25:03 Hand Cart
25:39 Gold Shaft Mining
25:45 Stone Shaft Mining
25:55 Chain Barding Armor
27:07 Iron Casting
27:10 Bloodlines
27:00 Husbandry
26:48 Heavy Hei Guang Cavalry
29:14 Blast Furnace
29:54 Fletching
30:26 Ballistics
30:58 Padded Archer Armor
30:53 Bodkin Arrow
30:42 Elite Skirmisher
32:31 Ming Guang Armor
32:06 Tuntian
34:48 Leather Archer Armor
34:34 Bracer
35:12 Conscription
WignerSeitz
9:55 Loom
11:55 Feudal Age
17:40 Double-Bit Axe
23:03 Fletching
30:20 Horse Collar
34:31 Castle Age
33:11 Man-at-Arms
33:55 Scale Mail Armor
34:58 Forging
35:45 Wheelbarrow
35:27 Chain Mail Armor
35:22 Pikeman
Ditters
10:08 Feudal Age
10:52 Feudal Age
15:02 Castle Age
13:28 Double-Bit Axe
13:58 Horse Collar
15:04 Light Cavalry
15:38 Loom
18:36 Bow Saw
20:11 Heavy Plow
23:15 Wheelbarrow
23:44 Town Watch
26:15 Hand Cart
28:36 Imperial Age
26:46 Gold Mining
27:29 Fletching
27:58 Thumb Ring
28:05 Bodkin Arrow
28:36 Ballistics
29:03 Padded Archer Armor
29:16 Bloodlines
29:16 Bracer
30:18 Chemistry
29:56 Heavy Cavalry Archer
32:14 Husbandry
35:21 Scale Mail Armor
35:26 Scale Barding Armor
Connection lost

Rejoining the realm…

Still unreachable

The connection could not be restored.

Session expired

The server has moved on; the page needs a fresh start.